 Dungeon Crawl Stone Soup version 0.31-a0-233-g139696dc86 (webtiles) character file.

Game seed: 11145284219235300099

415 qw the Shooter (level 6, -2/52 HPs)
             Began as a Minotaur Hexslinger on July 8, 2023.
             Slain by Pikel
             ... wielding a +2 whip of electrocution
              (11 damage)
             ... on level 4 of the Dungeon.
             The game lasted 00:01:25 (3325 turns).

qw the Shooter (Minotaur Hexslinger)                Turns: 3325, Time: 00:01:25

Health: -2/52      AC:  3    Str: 13    XL:     6   Next: 60%
Magic:  6/6        EV: 12    Int: 10    God:
Gold:   161        SH:  0    Dex: 14    Spells: 6/7 levels left

rFire   + . .        Y - +2 sling
rCold   . . .        (no shield)
rNeg    + . .        j - +0 leather armour {rF+}
rPois   .            (helmet restricted)
rElec   .            (no cloak)
rCorr   .            (no gloves)
SInv    .            (no boots)
Will    .....        (no amulet)
Stlth   +            g - ring of positive energy
HPRegen 0.28/turn    (no ring)
MPRegen 0.10/turn

%: no passive effects
@: about to teleport
A: horns 2, retaliatory headbutt
a: no special abilities


You were on level 4 of the Dungeon.
You visited 1 branch of the dungeon, and saw 4 of its levels.
You also visited: Sewer.

You collected 161 gold pieces.


Innate Abilities, Weirdness & Mutations

You have a pair of horns on your head.
You reflexively headbutt those who attack you in melee.


   Skills:
 - Level 4.0 Fighting
 + Level 6.7 Ranged Weapons
 - Level 1.2 Armour
 - Level 2.1 Dodging
 - Level 1.0 Spellcasting
 - Level 2.0 Hexes


You had 6 spell levels left.
You knew the following spells:

 Your Spells              Type           Power      Damage    Failure   Level
a - Slow                  Hex            16%        N/A       19%         1

Your spell library contained the following spells:

 Spells                   Type           Power      Damage    Failure   Level
 Inner Flame              Hex/Fire       2%         N/A       65%         3
 Portal Projectile        Hex/Tloc       4%         N/A       65%         3
 Cause Fear               Hex            2%         N/A       88%         4

Inventory:

Hand Weapons
 Y - a +2 sling (weapon)
Armour
 a - a +0 ring mail
 j - a +0 leather armour of fire resistance (worn)
Jewellery
 g - a ring of positive energy (left hand)
Scrolls
 e - 2 scrolls of enchant armour
 n - a scroll of identify
Potions
 b - a potion of invisibility {unknown}
 c - a potion of might {unknown}
 f - a potion of enlightenment {unknown}
 h - a potion of curing
 i - a potion of degeneration {unknown}
 k - a potion of mutation {unknown}
 l - a potion of brilliance {unknown}
 m - a potion of haste {unknown}

Dungeon Overview and Level Annotations

Branches:
Dungeon (4/15)              Sewer (visited)
 Temple: D:4-7

Altars:
Vehumet
Yredelemnul
The Shining One

Annotations:
D:2 1 runed translucent door, Crazy Yiuf
D:4 Pikel


Message History

You shoot a sling bullet. The sling bullet hits the lemure.
The lemure is almost dead.
The lemure hits you but does no damage.
You shoot a sling bullet.
The sling bullet barely misses the lemure.
The sling bullet hits the lemure.
The lemure is lightly wounded.
You shoot a sling bullet. The sling bullet hits the lemure.
The lemure is almost dead.
The lemure barely misses you. You furiously retaliate!
You headbutt the lemure, but do no damage.
You shoot a sling bullet.
The sling bullet closely misses the lemure.
The lemure hits you. x2; The lemure hits you but does no damage.
You shoot a sling bullet. The sling bullet hits the lemure!
You kill the lemure!
That felt strangely unrewarding.
Pikel hits you with a +2 whip of electrocution.
You shoot a sling bullet.
The sling bullet completely misses Pikel.
The sling bullet hits the lemure but does no damage.
Pikel hits you with a +2 whip of electrocution!
You shoot a sling bullet. The sling bullet closely misses Pikel.
The sling bullet hits the lemure but does no damage.
Pikel closely misses you. You furiously retaliate!
You headbutt Pikel. You shoot a sling bullet. The sling bullet hits Pikel.
Pikel is lightly wounded.
Pikel hits you with a +2 whip of electrocution.
You shoot a sling bullet. The sling bullet hits Pikel.
Pikel is lightly wounded.
Pikel hits you with a +2 whip of electrocution.
You shoot a sling bullet.
The sling bullet hits Pikel but does no damage.
Pikel is lightly wounded.
Pikel hits you with a +2 whip of electrocution!
3325 ||| READING scroll of teleportation.
As you read the scroll of teleportation, it crumbles to dust.
You feel strangely unstable.
Pikel hits you with a +2 whip of electrocution!
You die...

####
#<.##
#@.'#
#K###
#555
#....
#.....
#......
#.......
#........


You could see Pikel and 3 lemures.

Vanquished Creatures
  A lemure (D:4)
  3 kobold brigands (Sewer)
  Jessica (D:2)
  3 adders
  3 river rats (Sewer)
  3 worms (D:3)
  A dart slug (D:3)
  8 orcs
  6 endoplasms
  3 giant cockroaches
  2 goblins (D:3)
  5 hobgoblins
  10 jackals
  20 kobolds
  6 quokkas
  7 ball pythons
  3 bats
  8 frilled lizards
  26 rats
119 creatures vanquished.

Notes
Turn   | Place    | Note
-------+----------+-------------------------------------------
     0 | D:1      | qw the Minotaur Hexslinger began the quest for the Orb.
     0 | D:1      | Reached XP level 1. HP: 16/16 MP: 1/1
     0 | D:1      | 0 ||| qw: Version: 0.3-a-46-gb1f654a
     0 | D:1      | 0 ||| qw: Game counter: 3735
     0 | D:1      | 0 ||| qw: Melee chars always use a shield: true
     0 | D:1      | 0 ||| qw: God list: Okawaru
     0 | D:1      | 0 ||| qw: Allow faded altars: false
     0 | D:1      | 0 ||| qw: Do Orc after clearing Dungeon:15 true
     0 | D:1      | 0 ||| qw: Do second Lair branch before Depths: true
     0 | D:1      | 0 ||| qw: Lair rune preference: random
     0 | D:1      | 0 ||| qw: Goals: Normal
     0 | D:1      | 0 ||| PLANNING D:1-11
   123 | D:1      | Reached skill level 3 in Ranged Weapons
   123 | D:1      | Reached XP level 2. HP: 20/23 MP: 2/2
   513 | D:1      | 513 ||| READING scroll labelled WAIGUN ROAVIOG.
   516 | D:1      | 516 ||| READING scroll labelled JECUACV BOBEFAD.
   562 | D:1      | 562 ||| READING scroll labelled QUNNUO TILIPE.
   663 | D:1      | 663 ||| READING scroll labelled XUAHOASCHUEHO.
   664 | D:1      | 664 ||| READING scroll labelled YDABAH UBIAFAO.
   665 | D:1      | 665 ||| READING scroll labelled NEENNENLYFF.
   666 | D:1      | 666 ||| DRINKING 2 blue potions.
   667 | D:1      | 667 ||| DROPPING scroll of poison.
   689 | D:2      | 689 ||| STAIRDANCE
   804 | D:2      | Found a runed translucent door.
   805 | D:2      | Noticed Crazy Yiuf
   924 | D:2      | Noticed Jessica
   927 | D:2      | Reached XP level 3. HP: 29/29 MP: 3/3
   943 | D:2      | Killed Jessica
   944 | D:2      | Reached skill level 4 in Ranged Weapons
  1222 | D:2      | Reached XP level 4. HP: 36/36 MP: 4/4
  1500 | D:2      | 1500 ||| UPGRADING to +0 ring mail.
  1510 | D:2      | 1510 ||| DROPPING +0 robe.
  1511 | D:2      | 1511 ||| UPGRADING to ring of positive energy.
  1512 | D:2      | 1512 ||| READING scroll labelled ASKAWI FOOTT.
  1513 | D:2      | 1513 ||| READING 3 scrolls labelled WULEMMOUTA.
  1514 | D:2      | 1514 ||| READING scroll labelled MEQIRUEFAPS.
  1515 | D:2      | 1515 ||| READING scroll labelled HEICAIFF TUUS.
  1585 | D:3      | 1585 ||| PLANNING SEWER
  1596 | D:3      | Reached skill level 1 in Armour
  1657 | D:3      | Found a radiant altar of Vehumet.
  1739 | D:3      | 1739 ||| Stepping ~*~*~tactically~*~*~ (water).
  1755 | D:3      | 1755 ||| Stepping ~*~*~tactically~*~*~ (water).
  1769 | D:3      | 1769 ||| Stepping ~*~*~tactically~*~*~ (water).
  1771 | D:3      | Reached skill level 5 in Ranged Weapons
  1786 | D:3      | Found a glowing drain.
  1790 | Sewer    | Entered a sewer
  1960 | Sewer    | Noticed a kobold brigand
  1974 | Sewer    | Killed a kobold brigand
  1975 | Sewer    | Reached skill level 3 in Fighting
  1975 | Sewer    | Reached XP level 5. HP: 23/46 MP: 5/5
  2115 | Sewer    | 2115 ||| Stepping ~*~*~tactically~*~*~ (water).
  2128 | Sewer    | 2128 ||| Stepping ~*~*~tactically~*~*~ (water).
  2177 | Sewer    | Reached skill level 6 in Ranged Weapons
  2177 | Sewer    | Reached XP level 6. HP: 36/52 MP: 6/6
  2396 | Sewer    | 2396 ||| Stepping ~*~*~tactically~*~*~ (outnumbered).
  2596 | Sewer    | 2596 ||| DRINKING 4 murky black potions.
  2597 | Sewer    | 2597 ||| DROPPING 3 potions of magic.
  2624 | D:3      | 2624 ||| PLANNING D:1-11
  2803 | D:3      | Found a glowing golden altar of the Shining One.
  2964 | D:3      | Found a basalt altar of Yredelemnul.
  3280 | D:3      | 3280 ||| UPGRADING to +0 leather armour of fire resistance.
  3305 | D:4      | Noticed Pikel
  3324 | D:4      | HP: 8/52 [Pikel/+2 whip of electrocution (8)]
  3325 | D:4      | 3325 ||| READING scroll of teleportation.
  3325 | D:4      | Slain by Pikel

Levels and vault maps discovered:
D:1:      onia_arrival_pentagram, layout_basic
D:2:      layout_loops_ring, minivault_26, hangedman_decor_slide_cut,
          amcnicky_mini_pool_small, uniq_crazy_yiuf_cottage, uniq_jessica
D:3:      layout_loops_ring, mainiacjoe_overflow_alcove_1,
          mainiacjoe_overflow_small_starburst, lemuel_doored_altar,
          gup_sewer_entry_spiral
D:4:      layout_gridville, mainiacjoe_overflow_brackets, lemuel_tele_altar,
          minmay_temple_entry_poolview, serial_forest, infiniplex_forest_pool,
          infiniplex_forest_lined_2, infiniplex_forest_straight_3,
          infiniplex_forest_clump_large, infiniplex_forest_lined_corner,
          infiniplex_forest_clump_medium, infiniplex_forest_end_1,
          infiniplex_forest_side_room, infiniplex_forest_clump_diagonal,
          infiniplex_forest_lined_3, amcnicky_altar_lugonu_corruption,
          uniq_duvessa, uniq_blork_the_orc, uniq_grinder, uniq_pikel

Skill      XL: |  1  2  3  4  5  6 |
---------------+-------------------+-----
Ranged Weapons | 3 4 5 6 |  6.7
Fighting       | 2 3 4 |  4.0
Armour         | 1 |  1.2
Dodging        | |  2.1
Spellcasting   | |  1.0
Hexes          | |  2.0

Action                     |  1- 3 |  4- 6 || total
---------------------------+-------+-------++-------
   Fire: Sling             |    95 |   244 ||   339
    Use: Scroll            |     6 |     5 ||    11
         Potion            |     1 |     1 ||     2
 Armour: Robe              |     6 |       ||     6
         Ring mail         |       |    41 ||    41
         Leather armour    |       |     2 ||     2
  Dodge: Dodged            |    25 |    76 ||   101

Table legend:
 A = Non-vault XP
 B = Vault XP
 C = Vault XP percentage of total XP
 D = Non-vault monster count
 E = Vault monster count
 F = Vault count percentage of total count
                 A         B        C        D         E       F
            +---------+---------+-------+---------+---------+-------
      Total |     136 |     458 |  77.1 |      64 |      54 |  45.8
            +---------+---------+-------+---------+---------+-------
        D:1 |      27 |       0 |   0.0 |      17 |       0 |   0.0
        D:2 |      46 |      37 |  44.6 |      22 |       1 |   4.3
        D:3 |      63 |      14 |  18.2 |      25 |       7 |  21.9
      Sewer |       0 |     407 | 100.0 |       0 |      46 | 100.0
            +---------+---------+-------+---------+---------+-------
